 Dungeon Crawl Stone Soup version 0.28.0-45-g0d030f2227 (webtiles) character file.

Game seed: 17304552642307652948

7445 DemonSlayer the Thaumaturge (level 10, -2/73 HPs)
             Began as a Demonspawn Fire Elementalist on Apr 2, 2022.
             Was an Elder of Cheibriados.
             Slain by a seven-headed hydra (4 damage)
             ... on level 10 of the Dungeon.
             The game lasted 00:40:05 (14114 turns).

DemonSlayer the Thaumaturge (DsFE)                 Turns: 14114, Time: 00:40:05

Health: -2/73      AC:  8    Str: 27      XL:     10   Next: 93%
Magic:  0/24       EV: 15    Int: 26 (27) God:    Cheibriados [****..]
Gold:   661        SH:  0    Dex: 23 (25) Spells: 9/29 levels left

rFire   + . .      SeeInvis +   l - +6 dagger of Exquisite Torment {freeze, rElec rC+ Will- rCorr}
rCold   + . .      Faith    .   (no shield)
rNeg    + . .      Spirit   +   q - +3 robe of Qin Kid {rF+ Dex+2}
rPois   .          Reflect  .   (helmet unavailable)
rElec   +          Harm     .   (no cloak)
rCorr   +          Rampage  .   b - +0 pair of gloves
Will    .....                   (no boots)
Stlth   +.........              w - amulet of guardian spirit
HPRegen 0.22/turn               o - +6 ring of strength
MPRegen 0.19/turn               a - ring of the Iron Devil {Fly rN+ Str+3 Int-2}

@: confused, ambrosia-drunk, flying, very slightly contaminated, invisible, very
slow
A: antennae 3, rugged brown scales 2
a: Renounce Religion, Bend Time, Temporal Distortion, Slouch


You were on level 10 of the Dungeon.
You worshipped Cheibriados.
Cheibriados was greatly pleased with you.
You visited 2 branches of the dungeon, and saw 10 of its levels.

You collected 939 gold pieces.
You spent 278 gold pieces at shops.

Inventory:

Hand Weapons
 e - a +2 dagger of venom
 l - the +6 dagger of Exquisite Torment (weapon) {freeze, rElec rC+ Will- rCorr}
   (You found it on level 2 of the Dungeon)

   It freezes those it strikes, dealing additional cold damage.
   It can also slow down cold-blooded creatures.
   rC:        It protects you from cold.
   rElec:     It insulates you from electricity.
   rCorr:     It protects you from acid and corrosion.
   Will:      It decreases your willpower.
 p - a +3 rapier of venom
Missiles
 x - 3 curare-tipped darts
Armour
 b - a +0 pair of gloves (worn)
 m - a +2 leather armour of fire resistance
 q - the +3 robe of Qin Kid (worn) {rF+ Dex+2}
   (You bought it in a shop on level 3 of the Dungeon)

   Dex:       It affects your dexterity (+2).
   rF:        It protects you from fire.
Magical Staves
 y - a staff of conjuration
Jewellery
 a - the ring of the Iron Devil (right hand) {Fly rN+ Str+3 Int-2}
   (You took it off a gnoll on level 7 of the Dungeon)

   [ring of flight]

   Str:       It affects your strength (+3).
   Int:       It affects your intelligence (-2).
   rN:        It protects you from negative energy.
   Fly:       It grants you flight.
 o - a +6 ring of strength (left hand)
 w - an amulet of guardian spirit (around neck)
Wands
 f - a wand of digging (1)
 A - a wand of flame (15)
Scrolls
 d - a scroll of enchant armour
 k - a scroll of summoning {unknown}
 r - a scroll of immolation
 u - 3 scrolls of amnesia
 B - 2 scrolls of fog
Potions
 g - 3 potions of mutation
 h - a potion of berserk rage {unknown}
 i - 2 potions of curing
 j - a potion of heal wounds {unknown}
 s - a potion of flight
Miscellaneous
 c - a box of beasts


   Skills:
 + Level 3.0 Fighting
 + Level 2.3 Short Blades
 + Level 4.3 Dodging
 + Level 3.7 Stealth
 + Level 10.3 Spellcasting
 + Level 2.1 Conjurations
 + Level 9.9 Fire Magic
 + Level 1.2 Evocations


You had 9 spell levels left.
You knew the following spells:

 Your Spells              Type           Power      Damage    Failure   Level
a - Foxfire               Conj/Fire      100%       2x1d9     1%          1
b - Scorch                Fire           100%       2d10      1%          2
c - Conjure Flame         Conj/Fire      44%        6-21      1%          3
d - Inner Flame           Hex/Fire       39%        N/A       1%          3
e - Flame Wave            Conj/Fire      44%        2d10      3%          4
f - Ensorcelled Hibernat  Hex/Ice        26%        N/A       7%          2
g - Summon Guardian Gole  Hex/Summ       13%        N/A       13%         3
h - Passwall              Tmut/Erth      10%        N/A       7%          2

Your spell library contained the following spells:

 Spells                   Type           Power      Damage    Failure   Level
 Summon Small Mammal      Summ           52%        N/A       4%          1
 Corpse Rot               Necr/Air       26%        N/A       7%          2
 Stone Arrow              Conj/Erth      38%        3d9       9%          3
 Call Canine Familiar     Summ           13%        N/A       13%         3
 Swiftness                Air            13%        N/A       13%         3
 Dispel Undead            Necr           13%        3d9       41%         4
 Lee's Rapid Deconstruct  Erth           6%         3d7*      77%         5
 Metabolic Englaciation   Hex/Ice        6%         N/A       77%         5
 Death Channel            Necr           6%         N/A       100%        6
 Statue Form              Tmut/Erth      8%         N/A       100%        6


Dungeon Overview and Level Annotations

Branches:
Dungeon (10/15)            Temple (1/1) D:4
   Lair: D:8-11         Orc: D:9-12

Altars:
Ashenzari
Cheibriados
Dithmenos
Elyvilon
Fedhas
Gozag
Hepliaklqana
Kikubaaqudgha
Makhleb
Nemelex Xobeh
Okawaru
Qazlal
Ru
Sif Muna
Trog
Uskayaw
Vehumet
Wu Jian
Xom
Yredelemnul
Zin
The Shining One

Shops:
D:2 (   D:3 [   D:4 *:(([   D:5 *


Innate Abilities, Weirdness & Mutations

You have a pair of large antennae on your head. (SInv)
You are mostly covered in rugged brown scales. (AC +2, +5% HP)


Message History

The seven-headed hydra barely misses you.
The seven-headed hydra bites you but does no damage. x3
The seven-headed hydra closely misses you.
The seven-headed hydra bites you but does no damage.
The seven-headed hydra barely misses you.
The nameless horror barely misses you. The nameless horror barely misses you.
The seven-headed hydra bites you.
* * * LOW HITPOINT WARNING * * *
The seven-headed hydra bites you.
* * * LOW HITPOINT WARNING * * *
The seven-headed hydra barely misses you.
The seven-headed hydra misses you. The seven-headed hydra bites you.
* * * LOW HITPOINT WARNING * * *
The seven-headed hydra bites you.
* * * LOW HITPOINT WARNING * * *
The seven-headed hydra barely misses you.
The nameless horror completely misses you.
Unknown command.
You are confused.
You feel invigorated.
The seven-headed hydra closely misses you.
The seven-headed hydra barely misses you.
The seven-headed hydra completely misses you. x2
The seven-headed hydra bites you but does no damage.
The seven-headed hydra barely misses you.
The seven-headed hydra bites you!
* * * LOW HITPOINT WARNING * * *
The nameless horror barely misses you.
Unknown command.
The seven-headed hydra barely misses you.
The seven-headed hydra bites you.
* * * LOW HITPOINT WARNING * * *
The seven-headed hydra closely misses you.
The seven-headed hydra bites you but does no damage.
The seven-headed hydra bites you!
* * * LOW HITPOINT WARNING * * *
The seven-headed hydra bites you!
* * * LOW HITPOINT WARNING * * *
The seven-headed hydra bites you.
You die...

#.#####⌠.⌠#### ..... ####
#............# #...# #. ...
#............# #...# #. ...
#.######.....# ... #.. #.#
#.######.....#####'#####..###.###
#.............#.......##.........
#.............#.......##.........
..##+###########'#.............##
#....... .......@D.#.###.###.#...
#..#.... .....#..X.#...#.#...#.#.
#..# ... .....#....###.#.#.###.#.
#... . . ..#......#.#.#.#...#.
####### ......_........._...
......# ..#'##...#.#.#.#...#'
......# ..#....###.#.#.###...
......# .. #....#...#.#...#..[
......# #....#.###.###.#...


You could see a seven-headed hydra and a nameless horror.

Vanquished Creatures
  A centaur warrior (D:10)
  An ugly thing (D:7)
  A kobold demonologist (D:7)
  A komodo dragon (D:7)
  2 unseen horrors (D:7)
  2 trolls
  Prince Ribbit (D:9)
  A slime creature (D:6)
  4 yaks
  An orc warrior (D:7)
  2 ice beasts
  2 black bears (D:4)
  3 necrophages
  5 ogres
  A centaur (D:10)
  5 phantoms
  2 kobold brigands
  Blork the orc (D:4)
  3 bullfrogs
  3 scorpions
  A wyvern zombie (D:7)
  7 killer bees
  3 water moccasin skeletons
  6 wights
  2 jellies
  3 centaur zombies
  3 bullfrog zombies (D:5)
  5 hounds
  3 centaur skeletons
  An orc priest (D:4)
  2 gnoll shamans
  6 orc wizards
  An iguana (D:7)
  Natasha (thrice) (D:2)
  A killer bee zombie (D:3)
  A hound skeleton (D:5)
  12 gnolls
  3 adders
  2 shadow imps
  A white imp (D:6)
  2 ufetubi
  An adder skeleton (D:5)
  3 worms
  3 dart slugs
  22 orcs
  3 giant cockroaches
  4 goblins
  10 hobgoblins
  16 kobolds
  4 quokkas
  6 ball pythons
  4 bats
  4 frilled lizards
  5 rats
195 creatures vanquished.

Vanquished Creatures (others)
  85 foxfires
85 creatures vanquished.

Grand Total: 280 creatures vanquished

Notes
Turn   | Place    | Note
-------+----------+-------------------------------------------
     0 | D:1      | DemonSlayer the Demonspawn Fire Elementalist began the
                  | quest for the Orb.
     0 | D:1      | Reached XP level 1. HP: 13/13 MP: 3/3
   891 | D:1      | Gained mutation: You have a pair of small antennae on your
                  | head. [demonic ancestry]
   891 | D:1      | Reached XP level 2. HP: 19/19 MP: 0/5
  1056 | D:1      | Learned a level 2 spell: Scorch
  1417 | D:2      | Noticed Natasha
  1424 | D:2      | Killed Natasha
  1425 | D:2      | Reached XP level 3. HP: 15/24 MP: 0/6
  1560 | D:2      | Found a faded altar of an unknown god.
  2200 | D:2      | Found Risuptea's Antique Weapon Shoppe.
  2753 | D:2      | Noticed Natasha
  2758 | D:2      | Killed Natasha
  2759 | D:2      | Reached XP level 4. HP: 30/30 MP: 0/7
  2831 | D:2      | Identified the +6 dagger of Exquisite Torment {freeze,
                  | rElec rC+ Will- rCorr}
  3038 | D:3      | Learned a level 3 spell: Conjure Flame
  3208 | D:2      | Noticed Natasha
  3212 | D:2      | Killed Natasha
  3335 | D:3      | Reached skill level 3 in Spellcasting
  3335 | D:3      | Gained mutation: You are partially covered in rugged brown
                  | scales. (AC +1, +3% HP) [demonic ancestry]
  3335 | D:3      | Reached XP level 5. HP: 17/36 MP: 0/9
  4117 | D:3      | Found Lehoumiq's Antique Armour Shoppe.
  4225 | D:3      | Bought a fine robe for 131 gold pieces
  4225 | D:3      | Identified the +3 robe of Qin Kid {rF+ Dex+2} (You bought
                  | it in a shop on level 3 of the Dungeon)
  4240 | D:3      | Learned a level 3 spell: Inner Flame
  4305 | D:4      | Found Xato's Armour Emporium.
  4406 | D:4      | Found Xuveczu's Weapon Shoppe.
  4444 | D:4      | Noticed a black bear
  4444 | D:4      | Noticed Blork the orc
  4562 | D:4      | Noticed an ogre
  4649 | D:4      | Found Zypekeaw's Antique Weapon Emporium.
  4815 | D:4      | Noticed a phantom
  4857 | D:5      | Entered Level 5 of the Dungeon
  4861 | D:5      | Found a stormy altar of Qazlal.
  4871 | D:5      | Found Xipamul's General Store.
  5617 | D:5      | Gained mutation: You are mostly covered in rugged brown
                  | scales. (AC +2, +5% HP) [demonic ancestry]
  5617 | D:5      | Reached XP level 6. HP: 35/44 MP: 2/11
  6042 | D:4      | Reached skill level 1 in Short Blades
  6042 | D:4      | Reached skill level 4 in Spellcasting
  6077 | D:4      | Reached skill level 5 in Fire Magic
  6077 | D:4      | Gained mutation: You have a pair of antennae on your head.
                  | [demonic ancestry]
  6077 | D:4      | Reached XP level 7. HP: 49/49 MP: 1/13
  6752 | D:4      | Reached skill level 1 in Fighting
  6953 | D:4      | Killed Blork the orc
  6954 | D:4      | Reached skill level 5 in Spellcasting
  7012 | D:4      | Found an iron altar of Okawaru.
  7025 | D:4      | Found a bloodstained altar of Trog.
  7149 | D:4      | Found Hoamno's Assorted Antiques.
  7227 | D:4      | Bought a scroll labelled TUODDU AMET for 21 gold pieces
  7227 | D:4      | Bought a scroll labelled GEAROT LOUMONU for 21 gold pieces
  7227 | D:4      | Bought a glowing blue amulet for 105 gold pieces
  7293 | D:4      | Found Woech's Book Shoppe.
  7396 | D:4      | Found a staircase to the Ecumenical Temple.
  7406 | Temple   | Entered the Ecumenical Temple
  7459 | Temple   | Became a worshipper of Cheibriados the Contemplative
  7724 | D:5      | Reached XP level 8. HP: 56/56 MP: 11/16
  8283 | D:5      | Reached skill level 6 in Spellcasting
  8533 | D:5      | Reached * piety under Cheibriados
  9085 | D:6      | Noticed a troll
  9091 | D:6      | Killed a troll
  9092 | D:6      | Reached skill level 7 in Spellcasting
  9092 | D:6      | Reached XP level 9. HP: 63/64 MP: 14/19
 10010 | D:6      | Reached ** piety under Cheibriados
 10072 | D:6      | Learned a level 4 spell: Flame Wave
 10075 | D:6      | Learned a level 2 spell: Ensorcelled Hibernation
 10079 | D:6      | Learned a level 3 spell: Summon Guardian Golem
 10082 | D:6      | Learned a level 2 spell: Passwall
 10282 | D:6      | Found an ornate altar of the Wu Jian Council.
 10667 | D:7      | Reached skill level 8 in Spellcasting
 11117 | D:7      | Found the +6 lightning scales {swift, rElec}
 11129 | D:7      | Identified the +0 scale mail of the Crypt {Contam rN++
                  | Str+4}
 11135 | D:7      | Got the Grimoire of Congealing Earth
 11142 | D:7      | Noticed a brown ugly thing
 11249 | D:7      | Noticed a kobold demonologist
 11255 | D:7      | Killed a kobold demonologist
 11434 | D:7      | Noticed a komodo dragon
 11437 | D:7      | Killed a komodo dragon
 11438 | D:7      | Gained mutation: You have a pair of large antennae on your
                  | head. (SInv) [demonic ancestry]
 11438 | D:7      | Reached XP level 10. HP: 70/70 MP: 13/22
 11648 | D:7      | Reached skill level 9 in Spellcasting
 11763 | D:7      | Found a burning altar of Makhleb.
 11803 | D:7      | Reached *** piety under Cheibriados
 11956 | D:7      | Identified the ring of the Iron Devil {Fly rN+ Str+3 Int-2}
 11962 | D:7      | Killed a brown ugly thing
 11964 | D:7      | Identified the +3 hand crossbow of Responsibility {penet,
                  | Contam rF+++ rC- Dex+6}
 12149 | D:7      | Identified the +0 robe of the Echidna {rElec Int-2 SInv
                  | Stlth+}
 12762 | D:7      | You are sucked into a shaft and drop 3 floors!
 12762 | D:10     | Entered Level 10 of the Dungeon
 12799 | D:9      | Noticed Prince Ribbit
 12808 | D:9      | Killed Prince Ribbit
 13207 | D:10     | Identified the +0 longbow "Neitarog" {speed, Fragile Will++
                  | rCorr Dex+3}
 13243 | D:10     | Found a blossoming altar of Fedhas.
 13267 | D:10     | Noticed a centaur warrior
 13275 | D:10     | Killed a centaur warrior
 13276 | D:10     | Reached skill level 10 in Spellcasting
 13276 | D:10     | Reached skill level 1 in Evocations
 13932 | D:10     | Reached **** piety under Cheibriados
 14041 | D:10     | Found an ancient bone altar of Kikubaaqudgha.
 14059 | D:10     | Found a radiant altar of Vehumet.
 14102 | D:10     | Noticed a seven-headed hydra
 14114 | D:10     | HP: 2/73 [seven-headed hydra (8)]
 14114 | D:10     | Slain by a seven-headed hydra

Illustrated notes

Levels and vault maps discovered:
D:1:      co_arrival_two_rings, layout_loops_cross
D:2:      layout_basic, hellmonk_ecumenical_altar_zigzags, serial_shops, shop,
          uniq_natasha
D:3:      layout_loops_cross, serial_shops, shop_coins
D:4:      layout_basic, trog_ov_bears_minmay, okawaru_trees_1, temple_hall,
          serial_shops, nicolae_lakefront_shop, shop_statue,
          kennysheep_little_box, shop, nicolae_square_shop, uniq_blork_the_orc
D:5:      minmay_polygon_palace, layout_basic, nicolae_qazlal_general_emergency,
          gup_sewer_entry_bubbles, nicolae_stop_n_shop_1
D:6:      layout_basic, nzn_wu_jian_council_hall, kennysheep_nondescript
D:7:      minmay_the_grid_square_5x5_3x3 [minmay_the_grid_square_5x5_inset,
          minmay_the_grid_square_5x5_three_small,
          minmay_the_grid_square_5x5_percent,
          minmay_the_grid_square_5x5_checkered_statues,
          minmay_the_grid_square_5x5_megaprize_diamond,
          minmay_the_grid_square_5x5_minimal,
          minmay_the_grid_square_5x5_shuriken, minmay_the_grid_square_5x5_tie,
          minmay_the_grid_square_5x5_fancy_junction], layout_gridville,
          mainiacjoe_overflow_tiny_flanked
D:9:      layout_rooms, erik_orc_4, hex_medium, uniq_prince_ribbit1
D:10:     hellmonk_paralyzer, layout_stronghold,
          mainiacjoe_overflow_large_starburst, amcnicky_altar_gilded,
          small_chamber_with_monster
Temple:   zaba_magenta_temple

Skill      XL: |  1  2  3  4  5  6  7  8  9 10 |
---------------+-------------------------------+-----
Fire Magic     | 3 4 5 6 7 8 9 |  9.9
Stealth        | 2 3 |  3.7
Conjurations   | 2 |  2.1
Spellcasting   | 3 4 5 7 8 10 | 10.3
Dodging        | 2 3 4 |  4.3
Short Blades   | 1 2 |  2.3
Fighting       | 1 2 3 |  3.0
Evocations     | 1 |  1.2

Action                   |  1- 3 |  4- 6 |  7- 9 | 10-12 || total
-------------------------+-------+-------+-------+-------++-------
Melee: Unarmed           |    14 |       |       |       ||    14
       Dagger            |    20 |    36 |    49 |    12 ||   117
       Punch             |       |       |     1 |     1 ||     2
Throw: Throwing net      |       |       |       |     1 ||     1
 Cast: Foxfire           |    58 |       |       |       ||    58
       Scorch            |     7 |    57 |   169 |    80 ||   313
       Flame Wave        |       |       |       |     4 ||     4
       Ensorcelled Hiber |       |       |       |     1 ||     1
Evoke: Wand              |       |       |       |     7 ||     7
  Use: Scroll            |       |     5 |    10 |     4 ||    19
       Potion            |       |       |     1 |    12 ||    13
 Stab: Sleeping          |       |     5 |     2 |     1 ||     8
Armor: Robe              |    12 |    27 |    84 |    55 ||   178
       Skin              |       |       |       |    39 ||    39
Dodge: Dodged            |    32 |    49 |   139 |   107 ||   327
